| TOP OF THE 1ST |
|
West Michigan Whitecaps batting - Pitching for Hickory Crawdads : RHP Chris Wood
|
|
Pitching: RHP Chris Wood
|
|
|
Batting: RHB Brandon O'Malley
|
0-0: SINGLE (Line Drive, 78S, EV 113.1 MPH)
|
|
Batting: RHB Jon Goldstein
|
0-0: Ball Brandon O'Malley steals 2nd base 1-0: Foul Ball, location: 2F 1-1: Ground out 6-3 (Groundball, 6, EV 85.6 MPH) Brandon O'Malley to third
|
|
Batting: LHB George Moran
|
0-0: Ball 1-0: Ball 2-0: Fly out, F8 (Flyball, 8RD, EV 91.2 MPH) Runner from 3rd tags up, SCORES, throw by CF
|
|
Batting: RHB Dave Calder
|
0-0: Called Strike 0-1: DOUBLE (Line Drive, 9LM, EV 105.0 MPH)
|
|
Batting: LHB Brad Gaskill
|
0-0: Ball 1-0: DOUBLE (Line Drive, 89D, EV 105.6 MPH) Dave Calder scores
|
|
Batting: RHB Tony Nunez
|
0-0: Ball 1-0: Swinging Strike 1-1: Ball 2-1: Ball 3-1: SINGLE (Line Drive, 5D, EV 100.6 MPH) Brad Gaskill to third Runner from 3rd tries for Home, throw by LF and OUT! 7-2
|
| Top of the 1st over - 2 runs, 4 hits, 0 errors, 1 left on base; West Michigan 2 - Hickory 0 |
| BOTTOM OF THE 1ST |
|
Hickory Crawdads batting - Pitching for West Michigan Whitecaps : RHP Ramiro Silva
|
|
Pitching: RHP Ramiro Silva
|
|
|
Batting: LHB Sadamu Noguchi
|
0-0: Ball 1-0: Ground out U3 (Groundball, 13, EV 82.5 MPH)
|
|
Batting: RHB Nick Solberg
|
0-0: Swinging Strike 0-1: TRIPLE (Line Drive, 9D, EV 104.4 MPH)
|
|
Batting: RHB David Fernandez
|
0-0: Foul Ball, location: 2F 0-1: Ball 1-1: Ball 2-1: Ball 3-1: Base on Balls
|
|
Batting: RHB Vinny Luna
|
0-0: Swinging Strike 0-1: Fly out, F7 (Flyball, 7D, EV 98.1 MPH) Runner from 3rd tags up, OUT at HOME! 7-2
|
| Bottom of the 1st over - 0 runs, 1 hit, 0 errors, 1 left on base; West Michigan 2 - Hickory 0 |
| TOP OF THE 2ND |
|
West Michigan Whitecaps batting - Pitching for Hickory Crawdads : RHP Chris Wood
|
|
Batting: SHB Chris Wagler
|
0-0: Called Strike 0-1: Ball 1-1: Foul Ball, location: 2F 1-2: Strikes out swinging
|
|
Batting: RHB Yaremka Rzhevsky
|
0-0: Ball 1-0: Swinging Strike 1-1: Foul Ball, location: 2F 1-2: Fly out, F8 (Flyball, 8LM, EV 85.6 MPH)
|
|
Batting: RHB Ernst Meloche
|
0-0: Ball 1-0: Called Strike 1-1: Swinging Strike 1-2: Strikes out swinging
|
| Top of the 2nd over - 0 runs, 0 hits, 0 errors, 0 left on base; West Michigan 2 - Hickory 0 |
| BOTTOM OF THE 2ND |
|
Hickory Crawdads batting - Pitching for West Michigan Whitecaps : RHP Ramiro Silva
|
|
Batting: RHB Tim Adams
|
0-0: Called Strike 0-1: Foul Ball, location: 2F 0-2: Ball 1-2: Foul Ball, location: 2F 1-2: Strikes out looking
|
|
Batting: RHB Chance Lamb
|
0-0: Called Strike 0-1: Ball 1-1: Ball 2-1: Foul Ball, location: 2F 2-2: SINGLE (Flyball, 5D, EV 93.1 MPH)
|
|
Batting: RHB Theo van Gent
|
0-0: Ball 1-0: Ball Chance Lamb steals 2nd base 2-0: Fly out, F9 (Flyball, 9, EV 93.1 MPH)
|
|
Batting: RHB Jeremy Boerman
|
0-0: Foul Ball, location: 2F 0-1: Ball 1-1: Called Strike 1-2: Ball 2-2: Foul Ball, location: 2F 2-2: Ground out 5-3 (Groundball, 56, EV 85.0 MPH)
|
| Bottom of the 2nd over - 0 runs, 1 hit, 0 errors, 1 left on base; West Michigan 2 - Hickory 0 |
| TOP OF THE 3RD |
|
West Michigan Whitecaps batting - Pitching for Hickory Crawdads : RHP Chris Wood
|
|
Batting: RHB Brandon O'Malley
|
0-0: Bunt missed! 0-1: Ball 1-1: Ball 2-1: Foul Ball, location: 2F 2-2: Ball 3-2: Fly out, F4 (Popup, 34D, EV 31.2 MPH)
|
|
Batting: RHB Jon Goldstein
|
0-0: Swinging Strike 0-1: Ball 1-1: Foul Ball, location: 2F 1-2: Strikes out swinging
|
|
Batting: LHB George Moran
|
0-0: Ball 1-0: Ball 2-0: Called Strike 2-1: Ground out 4-3 (Groundball, 4, EV 98.1 MPH)
|
| Top of the 3rd over - 0 runs, 0 hits, 0 errors, 0 left on base; West Michigan 2 - Hickory 0 |
| BOTTOM OF THE 3RD |
|
Hickory Crawdads batting - Pitching for West Michigan Whitecaps : RHP Ramiro Silva
|
|
Batting: RHB Dave Brabo
|
0-0: Ball 1-0: Ball 2-0: Ball 3-0: Called Strike 3-1: Base on Balls
|
|
Batting: LHB Sadamu Noguchi
|
0-0: Ball 1-0: Ball 2-0: Ball 3-0: Called Strike 3-1: Base on Balls Dave Brabo to second
|
|
Batting: RHB Nick Solberg
|
0-0: SINGLE (Groundball, 6MD, EV 105.0 MPH) Dave Brabo to third Sadamu Noguchi to second
|
|
Batting: RHB David Fernandez
|
0-0: Foul Ball, location: 2F 0-1: Foul Ball, location: 2F 0-2: Ball 1-2: Ball 2-2: Foul Ball, location: 2F 2-2: Ball 3-2: SINGLE (Groundball, 6MD, EV 101.9 MPH) Dave Brabo scores Sadamu Noguchi to third Nick Solberg to second
|
|
Batting: RHB Vinny Luna
|
0-0: Foul Ball, location: 2F 0-1: Ball 1-1: Fielders Choice at 2nd, 6-4 (Groundball, 56, EV 78.1 MPH) Sadamu Noguchi scores Nick Solberg to third
|
|
Batting: RHB Tim Adams
|
0-0: Fielders Choice at 2nd, 5-4 (Groundball, 5, EV 83.1 MPH) Nick Solberg scores
|
|
Batting: RHB Chance Lamb
|
0-0: Ball 1-0: Called Strike 1-1: Foul Ball, location: 2F 1-2: Ball 2-2: Foul Ball, location: 2F 2-2: Strikes out swinging
|
| Bottom of the 3rd over - 3 runs, 2 hits, 0 errors, 1 left on base; West Michigan 2 - Hickory 3 |
| TOP OF THE 4TH |
|
West Michigan Whitecaps batting - Pitching for Hickory Crawdads : RHP Chris Wood
|
|
Batting: RHB Dave Calder
|
0-0: Called Strike 0-1: Ball 1-1: Ground out 5-3 (Groundball, 56, EV 86.9 MPH)
|
|
Batting: LHB Brad Gaskill
|
0-0: Fly out, F8 (Flyball, 8LXD, EV 103.1 MPH)
|
|
Batting: RHB Tony Nunez
|
0-0: Foul Ball, location: 2F 0-1: Ground out 4-3 (Groundball, 34, EV 96.2 MPH)
|
| Top of the 4th over - 0 runs, 0 hits, 0 errors, 0 left on base; West Michigan 2 - Hickory 3 |
| BOTTOM OF THE 4TH |
|
Hickory Crawdads batting - Pitching for West Michigan Whitecaps : RHP Ramiro Silva
|
|
Batting: RHB Theo van Gent
|
0-0: Ground out 6-3 (Groundball, 6, EV 102.5 MPH)
|
|
Batting: RHB Jeremy Boerman
|
0-0: Ball 1-0: Ball 2-0: Ball 3-0: Called Strike 3-1: Called Strike 3-2: Base on Balls
|
|
Batting: RHB Dave Brabo
|
0-0: Called Strike 0-1: Ball 1-1: Ball 2-1: Foul Ball, location: 2F 2-2: Foul Ball, location: 2F 2-2: Hit by Pitch Jeremy Boerman to second
|
|
Batting: LHB Sadamu Noguchi
|
0-0: Ball 1-0: DOUBLE (Line Drive, 78XD, EV 103.1 MPH) Jeremy Boerman scores Dave Brabo to third
|
|
Batting: RHB Nick Solberg
|
0-0: Ball 1-0: Ground out 5-3 (Groundball, 56S, EV 81.2 MPH) Dave Brabo scores
|
|
Pitching: RHP Matt Sturge
|
|
|
Batting: RHB David Fernandez
|
0-0: Ball Wild Pitch! Sadamu Noguchi to third 1-0: Ball 2-0: Called Strike 2-1: Swinging Strike 2-2: Strikes out swinging
|
| Bottom of the 4th over - 2 runs, 1 hit, 0 errors, 1 left on base; West Michigan 2 - Hickory 5 |
| TOP OF THE 5TH |
|
West Michigan Whitecaps batting - Pitching for Hickory Crawdads : RHP Chris Wood
|
|
Batting: SHB Chris Wagler
|
0-0: SINGLE (Groundball, 56S, EV 66.9 MPH) (infield hit)
|
|
Batting: RHB Yaremka Rzhevsky
|
0-0: Called Strike Chris Wagler is caught stealing 2nd base 2-4 0-1: Foul Ball, location: 2F 0-2: Strikes out swinging
|
|
Batting: RHB Ernst Meloche
|
0-0: Ball 1-0: Ball 2-0: Called Strike 2-1: Ground out 6-3 (Groundball, 6, EV 85.0 MPH)
|
| Top of the 5th over - 0 runs, 1 hit, 0 errors, 0 left on base; West Michigan 2 - Hickory 5 |
| BOTTOM OF THE 5TH |
|
Hickory Crawdads batting - Pitching for West Michigan Whitecaps : RHP Matt Sturge
|
|
Batting: RHB Vinny Luna
|
0-0: Swinging Strike 0-1: Ball 1-1: Swinging Strike 1-2: Foul Ball, location: 2F 1-2: Strikes out swinging
|
|
Batting: RHB Tim Adams
|
0-0: Called Strike 0-1: SINGLE (Flyball, 8RS, EV 92.5 MPH)
|
|
Batting: RHB Chance Lamb
|
0-0: Ball 1-0: Foul Ball, location: 2F 1-1: Ball 2-1: Swinging Strike 2-2: Foul Ball, location: 2F 2-2: Foul Ball, location: 2F 2-2: Strikes out swinging
|
|
Batting: RHB Theo van Gent
|
0-0: Ball 1-0: Called Strike 1-1: Ball 2-1: Foul Ball, location: 2F 2-2: Strikes out swinging, 2-3 out at first.
|
| Bottom of the 5th over - 0 runs, 1 hit, 0 errors, 1 left on base; West Michigan 2 - Hickory 5 |
| TOP OF THE 6TH |
|
West Michigan Whitecaps batting - Pitching for Hickory Crawdads : RHP Chris Wood
|
|
Batting: RHB Brandon O'Malley
|
0-0: Ground out 3-1 (Groundball, 34, EV 108.8 MPH)
|
|
Batting: RHB Jon Goldstein
|
0-0: Ball 1-0: Ball 2-0: Fly out, F8 (Flyball, 89D, EV 106.2 MPH)
|
|
Batting: LHB George Moran
|
0-0: Called Strike 0-1: Ground out U3 (Groundball, 3, EV 89.4 MPH)
|
| Top of the 6th over - 0 runs, 0 hits, 0 errors, 0 left on base; West Michigan 2 - Hickory 5 |
| BOTTOM OF THE 6TH |
|
Hickory Crawdads batting - Pitching for West Michigan Whitecaps : RHP Matt Sturge
|
|
Batting: RHB Jeremy Boerman
|
0-0: Ball 1-0: Ball 2-0: Called Strike 2-1: Ball 3-1: Called Strike 3-2: Base on Balls
|
|
Pitching: RHP Dan Keener
|
|
|
Batting: RHB Dave Brabo
|
0-0: Called Strike 0-1: Ball 1-1: Foul Ball, location: 2F 1-2: Ball 2-2: Grounds into double play, 4-6-3 (Groundball, 4, EV 78.8 MPH)
|
|
Batting: LHB Sadamu Noguchi
|
0-0: Called Strike 0-1: Fly out, F7 (Flyball, 7S, EV 92.5 MPH)
|
| Bottom of the 6th over - 0 runs, 0 hits, 0 errors, 0 left on base; West Michigan 2 - Hickory 5 |
| TOP OF THE 7TH |
|
West Michigan Whitecaps batting - Pitching for Hickory Crawdads : RHP Chris Wood
|
|
Batting: RHB Dave Calder
|
0-0: Ball 1-0: Ball 2-0: Ball 3-0: Called Strike 3-1: Swinging Strike 3-2: Strikes out looking
|
|
Batting: LHB Brad Gaskill
|
0-0: Ball 1-0: Ball 2-0: Called Strike 2-1: Ball 3-1: Fly out, F9 (Flyball, 9D, EV 95.6 MPH)
|
|
Batting: RHB Tony Nunez
|
0-0: Ball 1-0: Foul Ball, location: 2F 1-1: Foul Ball, location: 2F 1-2: Ball 2-2: Ball 3-2: Foul Ball, location: 2F 3-2: Foul Ball, location: 2F 3-2: Foul Ball, location: 2F 3-2: SINGLE (Line Drive, 7LM, EV 101.2 MPH)
|
|
Batting: SHB Chris Wagler
|
0-0: Swinging Strike 0-1: Ball 1-1: Called Strike 1-2: Ball 2-2: Foul Ball, location: 2F 2-2: Fly out, F5 (Popup, 5S, EV 86.9 MPH)
|
| Top of the 7th over - 0 runs, 1 hit, 0 errors, 1 left on base; West Michigan 2 - Hickory 5 |
| BOTTOM OF THE 7TH |
|
Hickory Crawdads batting - Pitching for West Michigan Whitecaps : RHP Dan Keener
|
|
Batting: RHB Nick Solberg
|
0-0: Ball 1-0: Ball 2-0: Ball 3-0: Base on Balls
|
|
Batting: RHB David Fernandez
|
0-0: Called Strike 0-1: Foul Ball, location: 2F 0-2: Strikes out swinging
|
|
Batting: RHB Vinny Luna
|
0-0: Called Strike Nick Solberg is caught stealing 2nd base 2-4 0-1: Ball 1-1: Ball 2-1: Fly out, F9 (Flyball, 9LMF, EV 110.6 MPH)
|
| Bottom of the 7th over - 0 runs, 0 hits, 0 errors, 0 left on base; West Michigan 2 - Hickory 5 |
| TOP OF THE 8TH |
|
West Michigan Whitecaps batting - Pitching for Hickory Crawdads : RHP Chris Wood
|
|
Batting: RHB Yaremka Rzhevsky
|
0-0: Fly out, F3 (Line Drive, 3, EV 72.5 MPH)
|
|
Batting: RHB Ernst Meloche
|
0-0: Foul Ball, location: 2F 0-1: Called Strike 0-2: DOUBLE (Groundball, 5L, EV 97.5 MPH)
|
|
Batting: RHB Brandon O'Malley
|
0-0: Ball 1-0: SINGLE (Groundball, 34D, EV 99.4 MPH) Ernst Meloche to third Runner from 3rd tries for Home, SAFE, throw by RF to home
|
|
Batting: RHB Jon Goldstein
|
0-0: Ball 1-0: Fielders Choice at 2nd, 5-4 (Groundball, 56S, EV 80.6 MPH)
|
|
Batting: LHB George Moran
|
0-0: Foul Ball, location: 2F 0-1: Ground out U3 (Groundball, 3L, EV 103.8 MPH)
|
| Top of the 8th over - 1 run, 2 hits, 0 errors, 1 left on base; West Michigan 3 - Hickory 5 |
| BOTTOM OF THE 8TH |
|
Hickory Crawdads batting - Pitching for West Michigan Whitecaps : RHP Dan Keener
|
|
Pitching: RHP Tony Kepp
|
|
|
Batting: RHB Tim Adams
|
0-0: Ball 1-0: Ball 2-0: Ball 3-0: Called Strike 3-1: Foul Ball, location: 2F 3-2: Base on Balls
|
|
Batting: RHB Chance Lamb
|
0-0: Bunted foul 0-1: Bunted foul 0-2: Ball 1-2: Ball 2-2: 2-RUN HOME RUN (Flyball, 7LD, EV 95.0 MPH), Distance : 348 ft
|
|
Batting: RHB Theo van Gent
|
0-0: Ball 1-0: Ball 2-0: Ground out 2-3 (Groundball, 2L, EV 66.9 MPH)
|
|
Batting: RHB Jeremy Boerman
|
0-0: Called Strike 0-1: Ball 1-1: Foul Ball, location: 2F 1-2: Foul Ball, location: 2F 1-2: Hit by Pitch
|
|
Batting: RHB Dave Brabo
|
0-0: Called Strike 0-1: Foul Ball, location: 2F 0-2: Ball 1-2: Fly out, F8 (Flyball, 8RD, EV 102.5 MPH)
|
|
Batting: LHB Sadamu Noguchi
|
0-0: Called Strike 0-1: Ball 1-1: Called Strike Jeremy Boerman steals 2nd base (no throw) 1-2: Ball 2-2: Ground out U3 (Groundball, 34, EV 79.4 MPH)
|
| Bottom of the 8th over - 2 runs, 1 hit, 0 errors, 1 left on base; West Michigan 3 - Hickory 7 |
| TOP OF THE 9TH |
|
West Michigan Whitecaps batting - Pitching for Hickory Crawdads : RHP Chris Wood
|
|
Pitching: RHP Aaron McKinney
|
|
|
Batting: RHB Dave Calder
|
0-0: Ball 1-0: Swinging Strike 1-1: SINGLE (Groundball, 25, EV 68.1 MPH) (infield hit)
|
|
Batting: LHB Brad Gaskill
|
0-0: Ball 1-0: Grounds into double play, 6-4-3 (Groundball, 6M, EV 88.1 MPH)
|
|
Batting: RHB Tony Nunez
|
0-0: Called Strike 0-1: Fly out, F7 (Line Drive, 78M, EV 88.8 MPH)
|
| Top of the 9th over - 0 runs, 1 hit, 0 errors, 0 left on base; West Michigan 3 - Hickory 7 |
|